 Dungeon Crawl Stone Soup version 0.15-a0-1015-g702813b (webtiles) character file.

73 Amnesiac the Vexing (level 4, 0/27 HPs)
             Began as a Halfling Enchanter on May 26, 2014.
             Succumbed to an adder's poison
             ... on Level 4 of the Dungeon.
             The game lasted 00:09:03 (1989 turns).

Amnesiac the Vexing (Halfling Enchanter)            Turns: 1989, Time: 00:09:04

HP   0/27        AC  3     Str  5      XL: 4   Next: 51%
MP   1/6         EV 15     Int 16      God:
Gold 44          SH  0     Dex 16      Spells:  3 memorised,  0 levels left

rFire  x . .     SeeInvis .     a - +1 dagger
rCold  + . .     Clarity  .     b - +1 robe
rNeg   . . .     Conserve .     (no shield)
rPois  .         rCorr    .     (no helmet)
rElec  .         rRot     .     (no cloak)
SustAb .         Spirit   .     (no gloves)
rMut   .         Warding  .     (no boots)
Gourm  .         Stasis   .     (no amulet)
MR     .....                    (no ring)
                                h - ring of ice

@: lethally poisoned, not resistant to hostile enchantments, fairly stealthy
A: mutation resistance 1
a: no special abilities


You were on level 4 of the Dungeon.
You were hungry.

You visited 1 branch of the dungeon, and saw 5 of its levels.

You collected 44 gold pieces.

Inventory:

Hand weapons
 a - a +1,+1 dagger (weapon)
Missiles
 d - 11 darts (quivered)
 f - 2 tomahawks
 j - 26 poisoned needles
Armour
 b - a +1 robe (worn)
Comestibles
 i - an apple
Jewellery
 h - a ring of ice (left hand)
Books
 c - a book of Maledictions

   Spells                             Type                      Level
   *Corona                            Hexes                        1
   Sure Blade                         Hexes/Charms                 2
   *Ensorcelled Hibernation           Hexes/Ice                    2
   *Confuse                           Hexes                        3
   Dazzling Spray                     Conjuration/Hexes            3
   Enslavement                        Hexes                        4


   Skills:
 - Level 3.0 Short Blades
 - Level 1.3 Throwing
 - Level 2.1 Dodging
 - Level 3.0 Stealth
 - Level 1.5 Spellcasting
 + Level 3.5 Hexes


You couldn't memorise any spells.
You knew the following spells:

 Your Spells              Type           Power        Failure   Level  Hunger
a - Corona                Hex            ##.....      8%          1    ##.....
e - Confuse               Hex            ##......     17%         3    ####...
z - Ensorcelled Hibernat  Hex/Ice        ##....       17%         2    ###....


Dungeon Overview and Level Annotations

Branches:
Dungeon (5/15)
 Temple: D:4-7

Altars:
Fedhas
Kikubaaqudgha
Nemelex Xobeh
Sif Muna
Vehumet
Zin

Annotations:
D:4 exclusions: downstairs and iguana, Dowan, Duvessa, Menkaure


Innate Abilities, Weirdness & Mutations

You are small and have problems with some larger weapons.
You are somewhat resistant to further mutation.


Message History

You see here a leather armour.
The adder closely misses you.
Casting: Ensorcelled Hibernation
Confirm with . or Enter, or press ? or * to list all spells.
Aiming: Ensorcelled Hibernation
Press: ? - help, Shift-Dir - straight line, f/p - adder
Aim: an adder You feel a surge of power!
The adder resists with significant effort.
* * * LOW HITPOINT WARNING * * *
You feel sick. The adder barely misses you.
* * * LOW HITPOINT WARNING * * *
You feel sick. The adder misses you.
* * * LOW HITPOINT WARNING * * *
You feel sick. The adder closely misses you.
* * * LOW HITPOINT WARNING * * *
You feel sick. The adder barely misses you. The adder bites you.
* * * LOW HITPOINT WARNING * * *
You die...

#...# #...# #...# #...# #...#
#...# #...#
######################...########
...[........r.S.@................
..............l..................
.................................
.................................
..............................)..
.................................
#################################


You could see an iguana, an adder and a rat.

Vanquished Creatures
  2 adders (D:4)
  2 giant mites
  A shadow imp (D:4)
  A worm (D:4)
  A giant gecko (D:4)
  An orc (D:4)
  A giant cockroach (D:4)
  A hobgoblin (D:4)
  3 jackals (D:4)
  2 ball pythons (D:1)
  2 bats (D:1)
  A giant newt (D:4)
  4 goblins
  3 kobolds
  A kobold skeleton (D:4)
  A kobold zombie (D:4)
  A rat (D:1)
28 creatures vanquished.

Notes
Turn   | Place    | Note
--------------------------------------------------------------
     0 | D:1      | Amnesiac, the Halfling Enchanter, began the quest for the Orb.
     0 | D:1      | Reached XP level 1. HP: 11/11 MP: 2/2
     6 | D:1      | Noticed a salamander
     6 | D:1      | Noticed an iguana
     6 | D:1      | Noticed a fire drake
     6 | D:1      | Noticed a black bear
    88 | D:1      | Reached skill level 3 in Hexes
    88 | D:1      | Reached XP level 2. HP: 12/17 MP: 1/3
    92 | D:1      | Learned a level 2 spell: Ensorcelled Hibernation
   443 | D:4      | Reached XP level 3. HP: 21/21 MP: 0/5
   679 | D:5      | Entered Level 5 of the Dungeon
   679 | D:5      | Noticed a sky beast
   679 | D:5      | Noticed an ice beast
   781 | D:4      | Noticed an ogre
   836 | D:4      | HP: 1/31 [poisoned by an adder]
  1139 | D:4      | Reached XP level 4. HP: 21/27 MP: 3/6
  1163 | D:5      | Found an ancient bone altar of Kikubaaqudgha.
  1163 | D:5      | Found a deep blue altar of Sif Muna.
  1258 | D:4      | Noticed Duvessa
  1281 | D:4      | Learned a level 3 spell: Confuse
  1343 | D:5      | Found a radiant altar of Vehumet.
  1343 | D:5      | Found a glowing silver altar of Zin.
  1343 | D:5      | Found a blossoming altar of Fedhas.
  1343 | D:5      | Found a sparkling altar of Nemelex Xobeh.
  1891 | D:4      | Noticed Dowan
  1914 | D:4      | Noticed Menkaure
  1985 | D:4      | HP: 1/27 [poisoned by an adder]
  1989 | D:4      | Succumbed to an adder's poison

Action                   |  1- 3 |  4- 6 || total
-------------------------+-------+-------++-------
Melee: Dagger            |    71 |    57 ||   128
Throw: Dart              |     2 |       ||     2
 Cast: Corona            |     2 |       ||     2
       Ensorcelled Hiber |    10 |    12 ||    22
       Confuse           |       |     3 ||     3
  Use: Potion            |     2 |     1 ||     3
       Scroll            |       |     4 ||     4
 Stab: Sleeping          |     7 |     2 ||     9
